 Dungeon Crawl Stone Soup version 0.31-a0-167-g1c394c0614 (webtiles) character file.

Game seed: 4166967893716666226

35 qw the Shooter (level 3, -1/21 HPs)
             Began as a Gargoyle Hunter on June 14, 2023.
             Slain by a gnoll
             ... wielding a +0 flail
              (5 damage)
             ... on level 2 of the Dungeon.
             The game lasted 00:00:18 (790 turns).

qw the Shooter (Gargoyle Hunter)                     Turns: 790, Time: 00:00:18

Health: -1/21      AC:  6    Str: 14    XL:     3   Next: 35%
Magic:  3/3        EV: 11    Int:  9    God:
Gold:   57         SH:  0    Dex: 15    Spells: 2/2 levels left

rFire   . . .        Y - +1 shortbow
rCold   . . .        (shield currently unavailable)
rNeg    + . .        c - +0 leather armour
rPois   inf          (no helmet)
rElec   +            (no cloak)
rCorr   .            (no gloves)
SInv    .            (no boots)
Will    .....        f - amulet of regeneration
Stlth   ++           (no ring)
HPRegen 1.03/turn    (no ring)
MPRegen 0.08/turn

%: no passive effects
@: no status effects
A: sickness immunity, AC +3, negative energy resistance 1, electricity
resistance, torment resistance 1, petrification resistance
a: no special abilities


You were on level 2 of the Dungeon.
You visited 1 branch of the dungeon, and saw 2 of its levels.

You collected 57 gold pieces.


Innate Abilities, Weirdness & Mutations

You are immune to sickness and miasma.
Your stone body is resilient. (AC +3)
You are immune to poison.
You resist negative energy. (rN+)
You are resistant to electric shocks. (rElec)
You are resistant to unholy torment.
You are immune to petrification.


   Skills:
 + Level 2.1 Fighting
 - Level 5.1 Ranged Weapons
 - Level 1.5 Dodging
 - Level 1.1 Stealth


You had 2 spell levels left.
You didn't know any spells.
Your spell library was empty.

Inventory:

Hand Weapons
 Y - a +1 shortbow (weapon)
Armour
 c - a +0 leather armour (worn)
Jewellery
 f - an amulet of regeneration (around neck)
Potions
 h - a potion of resistance {unknown}
 j - a potion of mutation {unknown}

Dungeon Overview and Level Annotations

Branches:
Dungeon (2/15)

Altars:


Message History

You struggle against the net.
The giant cockroach bites you but does no damage.
A gnoll comes into view. It is wielding a +0 flail.
You rip the net and break free!
The giant cockroach bites you but does no damage.
The gnoll misses you.
You shoot an arrow. The arrow closely misses the gnoll.
The giant cockroach barely misses you. The gnoll hits you with a +0 club.
The giant cockroach closely misses you.
You shoot an arrow.
The arrow hits the gnoll but does no damage.
The giant cockroach bites you but does no damage.
The gnoll closely misses you. The gnoll hits you with a +0 club.
You shoot an arrow. The arrow hits the gnoll!
The gnoll is heavily wounded.
The giant cockroach bites you but does no damage.
The gnoll hits you with a +0 club. The gnoll hits you but does no damage.
You shoot an arrow. The arrow hits the gnoll.
The gnoll is severely wounded.
The giant cockroach closely misses you. The gnoll hits you with a +0 club.
The gnoll barely misses you.
The giant cockroach completely misses you.
You shoot an arrow. The arrow hits the gnoll!
You kill the gnoll!
The gnoll hits you with a +0 club. The giant cockroach misses you.
Your Ranged Weapons skill increases to level 5!
You shoot an arrow. The arrow closely misses the gnoll.
The gnoll misses you.
The giant cockroach barely misses you. x2
You shoot an arrow. The arrow hits the gnoll.
The gnoll is heavily wounded.
The giant cockroach bites you. The gnoll hits you but does no damage.
The gnoll misses you.
You shoot an arrow. The arrow closely misses the gnoll.
The giant cockroach misses you. The gnoll hits you with a +0 club.
The gnoll hits you with a +0 flail.
You shoot an arrow. The arrow hits the gnoll.
The gnoll is severely wounded.
The giant cockroach bites you but does no damage.
The gnoll hits you with a +0 club. The gnoll hits you with a +0 flail.
You die...

#... .##.#.
.....#### .#.
.##...... #...
......... ...#
........g# ...#
.......gB##...##
....>..g@......#
.....).....#.#..
#...............
..............#.
...........##.#
.......<...# ..
#.........## .
###.#.....#
...........


You could see 3 gnolls and a giant cockroach.

Vanquished Creatures
  A gnoll (D:2)
  A worm (D:1)
  2 dart slugs (D:1)
  An endoplasm (D:1)
  A giant cockroach (D:1)
  3 goblins (D:1)
  3 ball pythons (D:1)
  A frilled lizard (D:1)
  4 kobolds
  2 rats
19 creatures vanquished.

Notes
Turn   | Place    | Note
-------+----------+-------------------------------------------
     0 | D:1      | qw the Gargoyle Hunter began the quest for the Orb.
     0 | D:1      | Reached XP level 1. HP: 12/12 MP: 1/1
     0 | D:1      | 0 ||| qw: Version: 0.2-a-29-g1fa15c8
     0 | D:1      | 0 ||| qw: Game counter: 5112
     0 | D:1      | 0 ||| qw: Always use a shield: true
     0 | D:1      | 0 ||| qw: God list: Okawaru
     0 | D:1      | 0 ||| qw: Allow faded altars: false
     0 | D:1      | 0 ||| qw: Do Orc after D:15 true
     0 | D:1      | 0 ||| qw: Do second Lair branch before Depths: true
     0 | D:1      | 0 ||| qw: Lair rune preference: random
     0 | D:1      | 0 ||| qw: Plans: Normal, Zot:1-4, Slime:5, God:TSO, Crypt,
                  | Tomb, Abyss, Pan, Hells, Win
     0 | D:1      | 0 ||| PLANNING D:1-11
   171 | D:1      | Reached XP level 2. HP: 17/17 MP: 2/2
   677 | D:1      | 677 ||| UPGRADING to amulet of regeneration.
   682 | D:1      | 682 ||| READING scroll labelled KOFYAR QUAFECS.
   683 | D:1      | 683 ||| READING scroll labelled HONIBE CETEFE.
   687 | D:1      | 687 ||| READING scroll labelled OTHROD DADWE.
   688 | D:1      | 688 ||| READING scroll labelled TOOD YGEUQ.
   689 | D:1      | 689 ||| DROPPING scroll of butterflies.
   750 | D:2      | 750 ||| STAIRDANCE
   756 | D:1      | Reached XP level 3. HP: 14/21 MP: 3/3
   787 | D:2      | Reached skill level 5 in Ranged Weapons
   790 | D:2      | HP: 4/21 [gnoll/+0 club (4)]
   790 | D:2      | Slain by a gnoll

Levels and vault maps discovered:
D:1:      moated_graveyard_arrival, layout_basic
D:2:      layout_rooms, minmay_worlds_worst_comb

Skill      XL: |  1  2  3 |
---------------+----------+-----
Ranged Weapons | 5 |  5.1
Fighting       | |  2.1
Dodging        | |  1.5
Stealth        | |  1.1

Action                     || total
---------------------------++-------
   Fire: Shortbow          ||    62
    Use: Scroll            ||     4
 Armour: Leather armour    ||    11
  Dodge: Dodged            ||    23

Table legend:
 A = Non-vault XP
 B = Vault XP
 C = Vault XP percentage of total XP
 D = Non-vault monster count
 E = Vault monster count
 F = Vault count percentage of total count
                 A         B        C        D         E       F
            +---------+---------+-------+---------+---------+-------
      Total |      51 |       0 |   0.0 |      19 |       0 |   0.0
            +---------+---------+-------+---------+---------+-------
        D:1 |      34 |       0 |   0.0 |      16 |       0 |   0.0
        D:2 |      17 |       0 |   0.0 |       3 |       0 |   0.0
            +---------+---------+-------+---------+---------+-------
